 Dungeon Crawl Stone Soup version 0.30-a0-358-g0d69a1922f (webtiles) character file.

Game seed: 17035728242894056056

3116 Hnkdwk the Blocker (level 9, -9/82 HPs)
             Began as a Minotaur Fighter on Nov 10, 2022.
             Mangled by a komodo dragon (23 damage)
             ... on level 7 of the Dungeon.
             The game lasted 00:09:48 (6502 turns).

Hnkdwk the Blocker (Minotaur Fighter)               Turns: 6502, Time: 00:09:49

Health: -9/82      AC: 12    Str: 24    XL:     9   Next: 60%
Magic:  8/8        EV:  8    Int:  5    God:
Gold:   61         SH:  7    Dex: 11    Spells: 8/8 levels left

rFire   . . .      SeeInvis .    a - +2 war axe
rCold   . . .      Faith    .    c - +1 buckler
rNeg    . . .      Spirit   .    f - +0 chain mail
rPois   .          Reflect  .    (helmet restricted)
rElec   .          Harm     .    (no cloak)
rCorr   .          Rampage  .    (no gloves)
Will    .....                    w - +0 pair of boots
Stlth   ..........               j - amulet of the acrobat
HPRegen 0.33/turn                (no ring)
MPRegen 0.11/turn                (no ring)

@: no status effects
A: horns 2, retaliatory headbutt
a: no special abilities


You were on level 7 of the Dungeon.
You visited 2 branches of the dungeon, and saw 8 of its levels.

You collected 460 gold pieces.
You spent 399 gold pieces at shops.

Inventory:

Hand Weapons
 a - a +2 war axe (weapon)
 g - the +7 staff of the Meek {protect, meekguard}
   (You found it on level 7 of the Dungeon)

   It grants its wielder temporary protection when it strikes (+7 to AC).
   It provides extra protection to wielders with little health.
Armour
 c - a +1 buckler (worn)
 f - a +0 chain mail (worn)
 r - a +0 plate armour
 w - a +0 pair of boots (worn)
Jewellery
 e - a ring of ice
 j - an amulet of the acrobat (around neck)
Wands
 d - a wand of charming (14)
 n - a wand of flame (17)
 p - a wand of acid (5)
Scrolls
 b - a scroll of immolation
 m - 2 scrolls of enchant weapon
 s - a scroll of butterflies
 t - a scroll of blinking
 u - a scroll of brand weapon
 v - a scroll of magic mapping
Potions
 h - 2 potions of lignification
 i - 3 potions of brilliance
 k - a potion of curing
 l - a potion of attraction {unknown}
 o - a potion of magic {unknown}
 q - a potion of might


   Skills:
 + Level 8.9 Fighting
 + Level 8.4 Axes
 + Level 8.9 Armour
 + Level 8.9 Shields


You had 8 spell levels left.
You didn't know any spells.
Your spell library contained the following spells:

 Spells                   Type           Power      Damage    Failure   Level
 Sandblast                Erth           0%         2d4       98%         1
 Summon Small Mammal      Summ           0%         N/A       98%         1
 Passwall                 Tmut/Erth      0%         N/A       99%         2
 Call Canine Familiar     Summ           0%         N/A       100%        3
 Stone Arrow              Conj/Erth      0%         3d7       100%        3
 Summon Guardian Golem    Hex/Summ       0%         N/A       100%        3


Dungeon Overview and Level Annotations

Branches:
Dungeon (7/15)             Temple (1/1) D:5

Altars:
Ashenzari
Cheibriados
Dithmenos
Elyvilon
Fedhas
Gozag
Hepliaklqana
Kikubaaqudgha
Makhleb
Nemelex Xobeh
Ru
Sif Muna
Trog
Uskayaw
Vehumet
Wu Jian
Yredelemnul
Zin
The Shining One

Shops:
D:6 ?


Innate Abilities, Weirdness & Mutations

You have a pair of horns on your head.
You reflexively headbutt those who attack you in melee.


Message History

You hit the komodo dragon. You headbutt the komodo dragon!
The komodo dragon is moderately wounded.
You hit the iguana but do no damage. You block the komodo dragon's attack.
The iguana bites you!
Unknown command.
You hit the komodo dragon. Your headbutt misses the komodo dragon.
The komodo dragon is moderately wounded.
You hit the iguana. The komodo dragon bites you! The iguana barely misses you.
You furiously retaliate!
You headbutt the iguana, but do no damage.
Unknown command.
You are too injured to fight recklessly!
Unknown command.
You are too injured to fight recklessly!
Unknown command.
You are too injured to fight recklessly!
Unknown command.
Unknown command.
You are too injured to fight recklessly!
Unknown command.
You are too injured to fight recklessly!
Unknown command.
You are too injured to fight recklessly!
Unknown command.
You are too injured to fight recklessly!
Unknown command.
The iguana attacks as you move away! You block the iguana's attack.
You open the door. The komodo dragon bites you. You block the iguana's attack.
The iguana attacks as you move away! The iguana barely misses you.
There is an open door here.
You hit the komodo dragon but do no damage.
Your headbutt misses the komodo dragon.
The komodo dragon is moderately wounded.
The komodo dragon bites you!!
* * * LOW HITPOINT WARNING * * *
You hit the komodo dragon but do no damage.
You headbutt the komodo dragon.
The komodo dragon is moderately wounded.
The komodo dragon bites you!!
You die...

##### #.# #P... #.# ....##
#.# ....# ##+## #.. ..l#
##...## #.. #####ll#
##.....## #..
#...##†###.......## ##..
##....†l##......>..####...
#.....lll@.........'......
##....####.........####...
##..## #.......## ##..
#..## ##.....## ##. #.##
##...### #. #.# #.'...# .
#.# #.♣...♣## . #.#
#.......# #####.####
#...>...#


You could see a komodo dragon and 3 iguanas.

Vanquished Creatures
  Pikel (D:7)
  Sigmund (D:4)
  Eustachio (D:4)
  Menkaure (D:4)
  2 water moccasins (D:7)
  An orc warrior (D:5)
  2 ice beasts
  2 black bears
  2 sky beasts
  2 centaurs
  An ogre (D:4)
  2 lemures (D:7)
  A kobold brigand (D:6)
  A bullfrog (D:7)
  A scorpion (D:6)
  A necrophage (D:6)
  4 killer bees
  2 hounds
  3 jellies
  Ijyb (D:4)
  Natasha (thrice) (D:4)
  6 iguanas
  3 orc wizards
  Robin (D:3)
  7 adders
  3 gnolls (D:3)
  An ufetubus (D:4)
  2 worms
  8 dart slugs
  22 orcs
  9 ball pythons
  A bat (D:2)
  9 endoplasms
  3 giant cockroaches
  9 hobgoblins
  2 jackals (D:3)
  2 quokkas (D:1)
  6 frilled lizards
  17 goblins
  16 kobolds
  6 rats
168 creatures vanquished.

Vanquished Creatures (others)
  5 plants (D:7)
5 creatures vanquished.

Grand Total: 173 creatures vanquished

Notes
Turn   | Place    | Note
-------+----------+-------------------------------------------
     0 | D:1      | Hnkdwk the Minotaur Fighter began the quest for the Orb.
     0 | D:1      | Reached XP level 1. HP: 19/19 MP: 0/0
   154 | D:1      | Reached XP level 2. HP: 27/27 MP: 1/1
   965 | D:2      | Reached XP level 3. HP: 33/33 MP: 2/2
  1753 | D:2      | Reached XP level 4. HP: 40/40 MP: 3/3
  2439 | D:3      | Reached XP level 5. HP: 46/47 MP: 4/4
  2821 | D:3      | Noticed Robin
  2829 | D:3      | Killed Robin
  3052 | D:4      | Noticed Sigmund
  3056 | D:4      | Noticed an ogre
  3059 | D:4      | Killed Sigmund
  3060 | D:4      | Reached skill level 5 in Fighting
  3060 | D:4      | Reached skill level 5 in Armour
  3060 | D:4      | Reached skill level 5 in Shields
  3060 | D:4      | Reached XP level 6. HP: 56/56 MP: 5/5
  3061 | D:4      | Noticed Ijyb
  3072 | D:4      | Killed Ijyb
  3086 | D:4      | Noticed Natasha
  3091 | D:4      | Killed Natasha
  3150 | D:4      | Reached skill level 5 in Axes
  3151 | D:4      | Noticed Menkaure
  3160 | D:4      | Noticed Natasha
  3163 | D:4      | Reached XP level 7. HP: 57/62 MP: 6/6
  3166 | D:4      | Killed Menkaure
  3171 | D:4      | Killed Natasha
  3204 | D:4      | Noticed Natasha
  3211 | D:4      | Killed Natasha
  3489 | D:4      | Noticed Eustachio
  3504 | D:4      | Killed Eustachio
  3557 | D:5      | Entered Level 5 of the Dungeon
  3644 | D:5      | Reached XP level 8. HP: 25/71 MP: 7/7
  3989 | D:5      | Found a blossoming altar of Fedhas.
  3991 | D:5      | Found a snail-covered altar of Cheibriados.
  4014 | D:5      | Found a staircase to the Ecumenical Temple.
  4025 | Temple   | Entered the Ecumenical Temple
  5260 | D:6      | Found Momossex's Magic Scroll Boutique.
  5287 | D:6      | Bought a scroll of identify for 28 gold pieces
  5287 | D:6      | Bought a scroll of blinking for 105 gold pieces
  5287 | D:6      | Bought a scroll of brand weapon for 133 gold pieces
  5287 | D:6      | Bought a scroll of identify for 28 gold pieces
  5287 | D:6      | Bought a scroll of magic mapping for 105 gold pieces
  5547 | D:6      | Reached XP level 9. HP: 64/81 MP: 8/8
  5771 | D:7      | Found the +7 staff of the Meek {protect, meekguard}
  6000 | D:7      | Noticed Pikel
  6016 | D:7      | Killed Pikel
  6487 | D:7      | Noticed a komodo dragon
  6502 | D:7      | Mangled by a komodo dragon

Illustrated notes

Levels and vault maps discovered:
D:1:      dpeg_arrival_radiant, layout_basic, minmay_misc_feat_doors,
          minmay_nonomino_d4
D:2:      layout_basic, columned_hall_lemuel
D:3:      layout_basic, minmay_quadrilaterals, uniq_robin
D:4:      kennysheep_slugbush, layout_rooms, minivault_19, serial_bayou_pond_e,
          uniq_natasha, uniq_ijyb, uniq_eustachio, uniq_menkaure, uniq_sigmund
D:5:      layout_cave_pods, chequers_temple_overflow_statue_of_worship,
          minmay_temple_entry_drinking_statues
D:6:      layout_rooms, serial_shops, shop
D:7:      layout_loops_corners, grunt_ministairs_1, nrook_pool_corridor,
          minmay_lizard_king, uniq_pikel, uniq_crazy_yiuf_cottage
Temple:   sentei_temple_godly_chess

Skill      XL: |  1  2  3  4  5  6  7  8  9 |
---------------+----------------------------+-----
Shields        | 4 5 6 7 8 |  8.9
Fighting       | 4 5 6 7 8 |  8.9
Armour         | 4 5 6 7 8 |  8.9
Axes           | 3 4 5 6 7 8 |  8.4

Action                   |  1- 3 |  4- 6 |  7- 9 || total
-------------------------+-------+-------+-------++-------
Melee: War axe           |    88 |    85 |   163 ||   336
       Headbutt          |     9 |    14 |    30 ||    53
  Use: Scroll            |     5 |     5 |     8 ||    18
       Potion            |       |     3 |     1 ||     4
Armor: Scale mail        |    40 |    32 |    60 ||   132
       Chain mail        |       |       |    31 ||    31
Dodge: Dodged            |    37 |    44 |   113 ||   194
Block: Buckler           |    14 |    37 |    75 ||   126

Table legend: (Time is in decaauts)
 A = Elapsed time spent in this place.
 B = Non-inter-level travel time spent in this place.
 C = Inter-level travel time spent in this place.
 D = Time resting spent in this place.
 E = Time spent auto-exploring this place.
 F = Levels seen in this place.
 G = Mean time per level.
                   A        B        C        D        E       F      G
               +--------+--------+--------+--------+--------+-----+--------+
         Total |   6606 |   6423 |    183 |    360 |   4998 |   8 |  825.8 |
       Dungeon |   6589 |   6410 |    179 |    360 |   4998 |   7 |  941.3 |
        Temple |     16 |     12 |      4 |      0 |      0 |   1 |   16.0 |
               +--------+--------+--------+--------+--------+-----+--------+

Top non-repeatable levels by time:
     D:5: 1358 daAuts
     D:3: 1271 daAuts
     D:1: 953 daAuts
     D:2: 862 daAuts
     D:6: 802 daAuts
     D:7: 795 daAuts
     D:4: 547 daAuts
  Temple: 16 daAuts
